 Dungeon Crawl Stone Soup version 0.30-a0-476-g330ca2eb8e (webtiles) character file.

Game seed: 7981905907588329650

165 avis the Stinger (level 5, -3/42 HPs)
             Began as a Naga Venom Mage on Dec 21, 2022.
             Slain by a mummy (17 damage)
             ... in an ossuary.
             The game lasted 00:28:10 (3743 turns).

avis the Stinger (Naga Venom Mage)                  Turns: 3743, Time: 00:28:11

Health: -3/42      AC:  5    Str: 11    XL:     5   Next: 46%
Magic:  8/8        EV:  9    Int: 17    God:
Gold:   177        SH:  0    Dex: 11    Spells: 2/8 levels left

rFire   . . .      SeeInvis +    b - +1 mace (holy)
rCold   . . .      Faith    .    (no shield)
rNeg    . . .      Spirit   .    d - +0 robe
rPois   +          Reflect  .    (no helmet)
rElec   .          Harm     .    (no cloak)
rCorr   .          Rampage  .    q - +2 pair of gloves
Will    .....                    (no barding)
Stlth   ++........               (no amulet)
HPRegen 0.27/turn                (no ring)
MPRegen 0.11/turn                (no ring)

@: very slow
A: AC +1, large, see invisible, deformed body, poison resistance, slowness 2,
spit poison 1, naga tail 1
a: Spit Poison


You were in an ossuary.
You visited 1 branch of the dungeon, and saw 5 of its levels.
You also visited: Ossuary.

You collected 177 gold pieces.

Inventory:

Hand Weapons
 b - a +1 mace of holy wrath (weapon)
 w - a +0 sling
Armour
 d - a +0 robe (worn)
 q - a +2 pair of gloves (worn)
Magical Staves
 a - a staff of poison
 m - a staff of cold
Jewellery
 h - a ring of ice
Scrolls
 e - a scroll of amnesia {unknown}
 g - 2 scrolls of fog {unknown}
 k - a scroll of fear {unknown}
 o - 2 scrolls of noise {unknown}
 p - a scroll of immolation {unknown}
Potions
 c - 2 potions of cancellation {unknown}
 f - a potion of magic
 i - a potion of degeneration {unknown}
 j - 2 potions of brilliance {unknown}
 l - 2 potions of curing {unknown}
 n - a potion of mutation {unknown}
 r - a potion of attraction {unknown}
 s - a potion of haste {unknown}


   Skills:
 - Level 1.5 Dodging
 - Level 4.0 Stealth
 * Level 2.2 Spellcasting
 - Level 3.1 Conjurations
 - Level 1.0 Transmutations
 - Level 2.0 Air Magic
 - Level 5.0 Poison Magic


You had 2 spell levels left.
You knew the following spells:

 Your Spells              Type           Power      Damage    Failure   Level
a - Sting                 Tmut/Pois      48%        1d5       5%          1
i - Poisonous Vapours     Pois/Air       26%        N/A       7%          2
m - Mephitic Cloud        Conj/Pois/Air  13%        N/A       14%         3

Your spell library contained the following spells:

 Spells                   Type           Power      Damage    Failure   Level
 Olgreb's Toxic Radiance  Pois           18%        N/A       24%         4


Dungeon Overview and Level Annotations

Branches:
Dungeon (6/15)            Ossuary (1/1)
 Temple: D:4-7

Altars:


Innate Abilities, Weirdness & Mutations

Your serpentine skin is tough. (AC +1)
You have supernaturally acute eyesight. (SInv)
Armour fits poorly on your strangely shaped body.
Your system is resistant to poisons. (rPois)
You cover ground very slowly.
You can spit poison.
You have a snake-like lower body.


Message History

The orc zombie hits you but does no damage.
You hit the orc zombie.
The orc zombie convulses.
The orc zombie is heavily damaged.
The human zombie hits you.
The orc zombie hits you but does no damage.
You hit the orc zombie.
You destroy the orc zombie!
The human zombie hits you. The human zombie closely misses you.
You barely miss the human zombie. Your punch misses the human zombie.
The human zombie hits you.
The human zombie hits you but does no damage.
You barely miss the human zombie. The human zombie barely misses you. x2
You hit the human zombie.
The human zombie convulses.
The human zombie is lightly damaged.
The human zombie hits you but does no damage.
You barely miss the mummy. The human zombie barely misses you.
The human zombie hits you but does no damage.
You hit the mummy but do no damage. The human zombie hits you.
The mummy barely misses you.
You hit the mummy.
The mummy convulses.
The mummy is lightly damaged.
The human zombie hits you.
You barely miss the mummy.
The mummy is lightly damaged.
The mummy hits you.
The human zombie hits you but does no damage.
You barely miss the mummy.
The mummy is lightly damaged.
The mummy closely misses you. The human zombie barely misses you.
You hit the mummy but do no damage.
The mummy is lightly damaged.
The human zombie hits you but does no damage.
The mummy closely misses you.
You barely miss the mummy.
The mummy is lightly damaged.
The human zombie hits you. The mummy hits you.
You closely miss the mummy.
The mummy is lightly damaged.
The human zombie misses you. The mummy hits you!
You die...

..................
..................
.................
......Z........#
.....Z..Z......##.
.......Z.Z........
..................
.....#####ZZ......
........@ZZZ......
.......∩.MZ.......
#################


You could see a mummy, a rat zombie, 2 gnoll zombies and 3 human zombies.

Vanquished Creatures
  Natasha (thrice) (D:2)
  3 adders
  A worm (D:2)
  2 dart slugs
  6 ball pythons
  4 endoplasms
  A giant cockroach (D:3)
  6 hobgoblins
  8 jackals
  3 quokkas
  3 frilled lizards
  6 goblins
  3 kobolds
  An orc zombie (Ossuary)
  8 rats
  A rat zombie (Ossuary)
59 creatures vanquished.

Vanquished Creatures (others)
  5 plants (D:2)
5 creatures vanquished.

Grand Total: 64 creatures vanquished

Notes
Turn   | Place    | Note
-------+----------+-------------------------------------------
     0 | D:1      | avis the Naga Venom Mage began the quest for the Orb.
     0 | D:1      | Reached XP level 1. HP: 15/15 MP: 3/3
    83 | D:1      | Reached XP level 2. HP: 16/22 MP: 0/5
   135 | D:1      | Learned a level 2 spell: Poisonous Vapours
   528 | D:1      | Reached skill level 5 in Poison Magic
   585 | D:1      | Reached XP level 3. HP: 27/28 MP: 6/6
   861 | D:1      | Reached skill level 1 in Air Magic
  1294 | D:1      | Learned a level 3 spell: Mephitic Cloud
  1459 | D:2      | Reached skill level 1 in Conjurations
  2124 | D:2      | Reached XP level 4. HP: 36/36 MP: 2/7
  2745 | D:3      | Noticed Natasha
  2773 | D:2      | Killed Natasha
  2858 | D:2      | Noticed Natasha
  2869 | D:2      | Killed Natasha
  2870 | D:2      | Reached XP level 5. HP: 27/42 MP: 1/8
  3287 | D:2      | Noticed Natasha
  3293 | D:2      | Killed Natasha
  3563 | D:3      | You fall into a shaft and drop 3 floors!
  3578 | D:6      | Noticed a phantom
  3602 | D:6      | Noticed a centaur
  3712 | D:5      | Entered Level 5 of the Dungeon
  3712 | D:5      | Found a sand-covered staircase.
  3715 | Ossuary  | Entered an ossuary
  3743 | Ossuary  | Slain by a mummy

Illustrated notes

Levels and vault maps discovered:
D:1:      shiori_arrival_oz, layout_loops_ring, corner_web_ring,
          chequers_serial_rivers_marsh
D:2:      layout_basic, serial_bayou_pond_a, minmay_hexomino_u4
D:3:      layout_rooms, nicolae_yredelemnul_corpse_copse, uniq_natasha,
          uniq_crazy_yiuf_cottage, uniq_terence
D:5:      layout_basic, nicolae_qazlal_general_emergency,
          nicolae_ossuary_entry_monument
D:6:      layout_rooms, grunt_temple_overflow_bloody_war, minmay_mini_ossuary
Ossuary:  ossuary_minmay_tomb_2a

Skill      XL: |  1  2  3  4  5 |
---------------+----------------+-----
Poison Magic   | 5 |  5.0
Stealth        | 4 |  4.0
Air Magic      | 1 2 |  2.0
Conjurations   | 1 2 3 |  3.1
Dodging        | |  1.5
Spellcasting   | |  2.2
Transmutations | |  1.0

Action                   |  1- 3 |  4- 6 || total
-------------------------+-------+-------++-------
Melee: Unarmed           |     3 |       ||     3
       Staff             |    13 |     4 ||    17
       Mace              |       |    16 ||    16
 Cast: Sting             |    39 |    17 ||    56
       Poisonous Vapours |    23 |    17 ||    40
 Abil: Spit Poison       |    15 |     4 ||    19
 Stab: Sleeping          |     1 |       ||     1
Armor: Robe              |     6 |    10 ||    16
Dodge: Dodged            |    23 |    21 ||    44

Table legend: (Time is in decaauts)
 A = Elapsed time spent in this place.
 B = Non-inter-level travel time spent in this place.
 C = Inter-level travel time spent in this place.
 D = Time resting spent in this place.
 E = Time spent auto-exploring this place.
 F = Levels seen in this place.
 G = Mean time per level.
                   A        B        C        D        E       F      G
               +--------+--------+--------+--------+--------+-----+--------+
         Total |   4693 |   3662 |   1031 |   1084 |   1667 |   6 |  782.2 |
       Dungeon |   4656 |   3625 |   1031 |   1084 |   1667 |   5 |  931.2 |
       Ossuary |     37 |     37 |      0 |      0 |      0 |   1 |   37.0 |
               +--------+--------+--------+--------+--------+-----+--------+

Top non-repeatable levels by time:
     D:2: 2442 daAuts
     D:1: 1858 daAuts
     D:6: 189 daAuts
     D:3: 162 daAuts
 Ossuary: 37 daAuts
     D:5: 3 daAuts
